Unix NetHack Version 3.7.0-80 Work-in-progress - last build Apr 4 2023 12:38:21 (790859391a0ee7bd3181b412646ad1b7e633ff00,branch:master). Game began 2023-04-08 08:27:23, ended 2023-04-08 08:39:19. tromix, chaotic male human Ranger ------ ###.....| -------- # # |....| ----- |......| ---------.--- # #-....| ---...--- |.......#####|...........| ###-|---- |.......| |.....^| ##-............## ----------------##### # --.......-- #.......-#####|...........| #####|....a..a......|# ## |..........##-------- #.............### #|.a.a)..a...a..)# # |.........| |.._........| # @aa.....%.....d.|# # |.........-###############|...........| # |..............|# # --.......-- #------------- # ----------------# # |.......| ##################################### # ---...--- ################## 0######### ----- ## -|--.-- [#### |.....| # |.....| ######...>..| |.`...| ------- Tromix the Lookout St:14 Dx:10 Co:16 In:13 Wi:13 Ch:9 Chaotic Dlvl:5 $:58 HP:0(42) Pw:19(19) AC:3 Exp:5 T:2481 Latest messages: Sirius misses it. Sirius misses it. Sirius misses it. Sirius misses it. Sirius misses it. k - a +2 arrow (in quiver) (56 in total). Sirius misses it. Sirius misses it. Sirius misses it. Sirius misses it. In what direction? 6 You shoot 2 arrows. The 1st arrow misses the killer bee. The 2nd arrow misses the killer bee. Sirius misses the killer bee. The killer bee strikes at your displaced image and misses you! Sirius misses the killer bee. Sirius misses the killer bee. Sirius misses the killer bee. Sirius misses the killer bee. Sirius misses the killer bee. Sirius misses the killer bee. Sirius misses the killer bee. Sirius misses the killer bee. Sirius misses the killer bee. Sirius misses the killer bee. The killer bee misses! Sirius misses the killer bee. In what direction? 6 You shoot 2 arrows. The 1st arrow misses the killer bee. The 2nd arrow misses the killer bee. The killer bee stings! Sirius misses the killer bee. Sirius misses the killer bee. The killer bee strikes at your displaced image and misses you! Sirius misses the killer bee. The killer bee strikes at your displaced image and misses you! Sirius misses the killer bee. The killer bee strikes at your displaced image and misses you! The killer bee strikes at your displaced image and misses you! Sirius misses the killer bee. The killer bee misses the killer bee. The killer bee strikes at your displaced image and misses you! Sirius misses the killer bee. Sirius misses the killer bee. The killer bee stings! The killer bee's sting was poisoned! You die... Do you want your possessions identified? [ynq] (y) q Inventory: Coins $ - 58 gold pieces Weapons k - 52 +2 arrows (in quiver) d - 31 +0 arrows b - a blessed +1 bow (weapon in hand) a - a +1 dagger (alternate weapon; not wielded) G - a cursed -1 dagger r - a +0 elven dagger Armor g - an uncursed +0 helmet (being worn) m - a blessed +2 cloak of displacement (being worn) h - an uncursed +1 leather armor (being worn) Comestibles f - 2 uncursed cram rations E - 2 uncursed food rations n - an uncursed tripe ration Scrolls w - a blessed scroll of food detection H - an uncursed scroll of genocide j - an uncursed scroll of light s - an uncursed scroll of scare monster Potions C - an uncursed potion of full healing A - an uncursed potion of gain ability B - an uncursed potion of gain level t - an uncursed potion of levitation Rings u - an uncursed ring of protection from shape changers Wands q - a wand of cold (0:7) Tools e - an uncursed lock pick x - a magic marker (0:34) c - an uncursed magic whistle Gems/Stones o - an uncursed worthless piece of blue glass p - an uncursed worthless piece of red glass F - 3 uncursed worthless pieces of white glass Tromix the Ranger's attributes: Background: You were a Lookout, a level 5 male human Ranger. You were chaotic, on a mission for Mars who was opposed by Mercury (lawful) and Venus (neutral). You were in the Dungeons of Doom, on level 5. You entered the dungeon 2481 turns ago. You had 218 experience points, 102 more were needed to attain level 6. Basics: You had 0 out of 42 hit points. You had all 19 energy points (spell power). Your armor class was 3. Your wallet contained 58 zorkmids. Autopickup was off. Final Characteristics: Your strength was 14 (limit:18/100). Your dexterity was 10 (limit:18). Your constitution was 16 (limit:18). Your intelligence was 13 (limit:18). Your wisdom was 13 (limit:18). Your charisma was 9 (limit:18). Final Status: You were not hungry. You were unencumbered. You were wielding a bow. You had basic skill with bow. Final Attributes: You were piously aligned. You had automatic searching. You were displaced. You were warded. You are dead. Miscellaneous: You disabled loading of bones levels. Total elapsed playing time was 11 minutes and 55 seconds. Major events: Turn 1: tromix the chaotic male human Ranger entered the dungeon 683: entered the Gnomish Mines 753: attained the rank of Lookout (level 3) 2481: killed by a killer bee Vanquished creatures: a leprechaun a gnome leader a gray ooze a floating eye a kitten 2 dwarves a wererat 2 iguanas 2 killer bees a hobbit 2 giant rats a cave spider 10 gnomes 2 garter snakes 2 foxes 3 goblins a sewer rat 3 grid bugs a bat 2 lichens 4 kobold zombies 6 newts 50 creatures vanquished. No species were genocided or became extinct. Voluntary challenges: You read items or engraved 4 times. You never engraved Elbereth. You never genocided any monsters. You never polymorphed an object. You never changed form. You used no wishes. Achievements: You entered the Gnomish Mines. You attained the rank of Lookout. You entered a shop. The Dungeons of Doom: levels 1 to 6 Level 1: An altar, a fountain, a grave. Level 2: Some fountains. Stairs down to The Gnomish Mines. Level 3: A general store, a fountain. Level 4: Some fountains. Level 5: <- You were here. An altar. Final resting place for you, killed by a killer bee. Level 6: The Gnomish Mines: Level 3: Game over: ---------- / \ / REST \ / IN \ / PEACE \ / \ | tromix | | 58 Au | | killed by a | | killer bee | | | | | | 2023 | *| * * * | * _________)/\\_//(\/(/\)/\//\/|_)_______ Goodbye tromix the Ranger... You died in The Dungeons of Doom on dungeon level 5 with 1175 points, and 58 pieces of gold, after 2481 moves. You were level 5 with a maximum of 42 hit points when you died.